 Dungeon Crawl Stone Soup version 0.31.0-12-g77e489cdc1 (webtiles) character file.

Game seed: 15233735137719028772

329 hawla the Covered (level 6, -6/56 HPs)
             Began as a Minotaur Fighter on Feb 13, 2024.
             Mangled by an ogre
             ... wielding a +0 giant spiked club
              (8 damage)
             ... on level 5 of the Dungeon.
             The game lasted 00:07:13 (2976 turns).

hawla the Covered (Minotaur Fighter)                Turns: 2976, Time: 00:07:14

Health: -6/56      AC: 14    Str: 19 (22) XL:     6   Next: 25%
Magic:  5/5        EV:  6    Int:  4 (5)  God:
Gold:   163        SH:  4    Dex:  8 (10) Spells: 5/5 levels left

rFire   . . .        a - +0 flail
rCold   . . .        c - +0 buckler
rNeg    . . .        x - +0 plate armour
rPois   .            (helmet restricted)
rElec   .            (no cloak)
rCorr   .            m - +0 pair of gloves
SInv    .            k - +0 pair of boots
Will    .....        e - amulet of regeneration Stlth
                     (no ring)
HPRegen 1.09/turn    (no ring)
MPRegen 0.09/turn

%: no passive effects
@: on fire, hasted, glowing, very quick
A: horns 2, retaliatory headbutt
a: no special abilities


You were on level 5 of the Dungeon.
You visited 1 branch of the dungeon, and saw 5 of its levels.

You collected 163 gold pieces.

Inventory:

Hand Weapons
 a - a +0 flail (weapon)
Missiles
 t - 3 poisoned darts (quivered)
 u - 3 darts of dispersal
Armour
 c - a +0 buckler (worn)
 k - a +0 pair of boots (worn)
 m - a +0 pair of gloves (worn)
 x - a +0 plate armour (worn)
Jewellery
 e - an amulet of regeneration (around neck)
Scrolls
 b - a scroll of enchant weapon {unknown}
 g - a scroll of vulnerability {unknown}
 l - 2 scrolls of fog {unknown}
 n - 2 scrolls of enchant armour {unknown}
 r - a scroll of teleportation {unknown}
 s - 2 scrolls of revelation {unknown}
 v - a scroll of noise {unknown}
 w - a scroll of identify {unknown}
Potions
 d - 4 potions of might
 h - a potion of haste
 i - a potion of curing {unknown}
 j - 2 potions of mutation {unknown}
 o - a potion of invisibility {unknown}
 p - a potion of heal wounds {unknown}


   Skills:
 - Level 5.0 Fighting
 + Level 4.0 Maces & Flails
 - Level 5.0 Armour
 - Level 3.0 Dodging
 - Level 5.0 Shields


You had 5 spell levels left.
You didn't know any spells.
Your spell library was empty.

Dungeon Overview and Level Annotations

Branches:
Dungeon (5/15)
 Temple: D:4-7

Altars:
Makhleb
Ru
Wu Jian
The Shining One


Innate Abilities, Weirdness & Mutations

You have a pair of horns on your head.
You reflexively headbutt those who attack you in melee.


Message History

You climb downwards.
The ogre shouts!
Found a stone staircase leading up.
There is a stone staircase leading up here.
There are monsters nearby!
You hit the bombardier beetle. You headbutt the bombardier beetle!
The bombardier beetle is almost dead.
You hit the bombardier beetle.
Your headbutt misses the bombardier beetle.
The bombardier beetle is almost dead.
The bombardier beetle sprays incendiary fluid at you.
The burning spray hits you.
You are covered in liquid fire!
You closely miss the bombardier beetle.
The bombardier beetle is almost dead.
The liquid fire burns you!
The bombardier beetle bites you but does no damage.
You thump the bombardier beetle!
You kill the bombardier beetle!
The liquid fire burns you!
The ogre hits you with a +0 giant spiked club!!
Ouch! That really hurt!
Your Maces & Flails skill increases to level 4!
You sock the ogre! Your headbutt misses the ogre.
The ogre is moderately wounded.
The liquid fire burns you! The ogre hits you but does no damage.
You shake off some of the fire as you move.
The liquid fire burns you!
The ogre hits you with a +0 giant spiked club!
* * * LOW HITPOINT WARNING * * *
It was a potion of haste.
You feel yourself speed up. The liquid fire burns you!
* * * LOW HITPOINT WARNING * * *
It was a potion of degeneration.
There was something very wrong with that liquid.
You feel weakened.
You feel dopey.
You feel clumsy. The liquid fire burns you!
* * * LOW HITPOINT WARNING * * *
The ogre hits you with a +0 giant spiked club!
You die...

#..# ...#
##...##
##.....##
##.......##
#.........#
+.........+
#.@.....<.#
##.O.....#
.#####.....##
........<..##
.#.######.##
.# .# .. ..


You could see an ogre.

Vanquished Creatures
  2 bombardier beetles
  2 hounds (D:4)
  An orc priest (D:4)
  Terence (D:2)
  5 adders
  5 dart slugs
  2 ribbon worms
  4 orcs
  7 ball pythons
  2 endoplasms
  13 giant cockroaches
  8 hobgoblins
  A jackal (D:4)
  3 quokkas
  5 bats
  2 frilled lizards
  8 goblins
  5 kobolds
  7 rats
83 creatures vanquished.

Notes
Turn   | Place    | Note
-------+----------+-------------------------------------------
     0 | D:1      | hawla the Minotaur Fighter began the quest for the Orb.
     0 | D:1      | Reached XP level 1. HP: 19/19 MP: 0/0
    70 | D:1      | Reached skill level 1 in Dodging
   248 | D:1      | Reached XP level 2. HP: 26/26 MP: 1/1
   877 | D:2      | Reached XP level 3. HP: 31/31 MP: 2/2
   913 | D:2      | Noticed Terence
   925 | D:2      | Killed Terence
   926 | D:2      | Reached XP level 4. HP: 35/40 MP: 3/3
  1475 | D:3      | Found a glowing golden altar of the Shining One.
  1593 | D:3      | Found a burning altar of Makhleb.
  1682 | D:3      | Reached XP level 5. HP: 47/47 MP: 4/4
  1743 | D:3      | Found an ornate altar of the Wu Jian Council.
  2292 | D:4      | Reached skill level 5 in Fighting
  2292 | D:4      | Reached skill level 5 in Armour
  2292 | D:4      | Reached skill level 5 in Shields
  2377 | D:4      | Reached XP level 6. HP: 56/56 MP: 5/5
  2495 | D:4      | Found a sacrificial altar of Ru.
  2966 | D:5      | Entered Level 5 of the Dungeon
  2975 | D:5      | HP: 2/56 [burnt (4)]
  2976 | D:5      | Mangled by an ogre

Illustrated notes

Levels and vault maps discovered:
D:1:      elethiomel_arrival_quiet, layout_basic, nicolae_twisty_statue_hallways
D:2:      minmay_roachtagon, layout_loops_ring, uniq_terence
D:3:      layout_basic, mainiacjoe_overflow_alcove_2, lemuel_round_altar,
          nicolae_wu_jian_wuxing_cycle, corexii_shack, minmay_misc_feat_pillars,
          guppyfry_early_lair_pool
D:4:      layout_gridville, marbit_many_paths, minmay_snake_closets
D:5:      layout_loops_corners, grunt_dithmenos_shadows, serial_shops,
          nicolae_shop_rolled_up

Skill      XL: |  1  2  3  4  5  6 |
---------------+-------------------+-----
Dodging        | 2 3 |  3.0
Fighting       | 4 5 |  5.0
Armour         | 4 5 |  5.0
Shields        | 4 5 |  5.0
Maces & Flails | 3 4 |  4.0

Action                     |  1- 3 |  4- 6 || total
---------------------------+-------+-------++-------
  Melee: Flail             |    76 |   101 ||   177
         Headbutt          |    11 |    18 ||    29
    Use: Potion            |       |     2 ||     2
 Armour: Scale mail        |    54 |     9 ||    63
         Chain mail        |       |    68 ||    68
         Plate armour      |       |     5 ||     5
  Dodge: Dodged            |    53 |    48 ||   101
  Block: Buckler           |    16 |    32 ||    48
